 Dungeon Crawl Stone Soup version 0.31-a0-981-geadf994542 (webtiles) character file.

Game seed: 3728880609097519589

4561 Revguard the Trooper (level 10, -7/96 HPs)
             Began as a Naga Fighter on Nov 1, 2023.
             Mangled by a yak (9 damage)
             ... on level 9 of the Dungeon.
             The game lasted 00:16:06 (6399 turns).

Revguard the Trooper (Naga Fighter)                 Turns: 6399, Time: 00:16:07

Health: -7/96      AC: 32    Str: 22    XL:     10   Next: 40%
Magic:  13/13      EV:  5    Int:  8    God:
Gold:   1531       SH:  5    Dex: 12    Spells: 9/9 levels left

rFire   . . .        a - +1 war axe (protect)
rCold   . . .        c - +0 buckler
rNeg    . . .        q - +8 chain mail {ponderous}
rPois   +            m - +2 helmet
rElec   .            (no cloak)
rCorr   .            (no gloves)
SInv    +            o - +0 barding
Will    +....        (no amulet) Stlth
                     n - ring of flight
HPRegen 0.36/turn    (no ring)
MPRegen 0.13/turn

%: no passive effects
@: under a protective aura, flying, very slow
A: AC +3, large, see invisible, deformed body, poison resistance, slowness 2,
spit poison 1, naga tail 1
a: Spit Poison


You were on level 9 of the Dungeon.
You visited 2 branches of the dungeon, and saw 10 of its levels.

You collected 1621 gold pieces.
You spent 90 gold pieces at shops.

Inventory:

Hand Weapons
 a - a +1 war axe of protection (weapon)
 g - a +2 whip of venom
Armour
 c - a +0 buckler (worn)
 m - a +2 helmet (worn)
 o - a +0 barding (worn)
 q - a +8 chain mail of ponderousness (worn)
Jewellery
 k - a ring of magical power
 n - a ring of flight (left hand)
 C - a ring of wizardry
 D - a ring of resist corrosion
Wands
 w - a wand of mindburst (5)
 z - a wand of flame (6)
 A - a wand of quicksilver (5)
Scrolls
 l - 3 scrolls of immolation
 p - 9 scrolls of teleportation
 r - 4 scrolls of identify
 s - a scroll of fog
 t - a scroll of enchant armour
 x - a scroll of enchant weapon
 y - a scroll of amnesia
 B - a scroll of poison
Potions
 b - a potion of magic
 d - 2 potions of might
 e - 2 potions of lignification
 f - a potion of mutation
 h - 2 potions of brilliance
 i - 2 potions of attraction
 j - 4 potions of cancellation
 v - a potion of haste


   Skills:
 * Level 7.7 Fighting
 * Level 7.3 Axes
 + Level 4.9 Armour
 + Level 3.8 Dodging
 + Level 5.2 Shields
 + Level 5.2 Invocations
 + Level 4.7 Evocations


You had 9 spell levels left.
You didn't know any spells.
Your spell library contained the following spells:

 Spells                   Type           Power      Damage    Failure   Level
 Sandblast                Erth           0%         2d4       97%         1
 Passwall                 Tmut/Erth      0%         N/A       99%         2
 Ozocubu's Armour         Ice            0%         N/A       100%        3
 Stone Arrow              Conj/Erth      0%         3d7       100%        3
 Brom's Barrelling Bould  Conj/Erth      0%         2d3       100%        4
 Vhi's Electric Charge    Tloc/Air       0%         N/A       100%        4
 Arcjolt                  Conj/Air       0%         1d10      100%        5
 Plasma Beam              Fire/Air       0%         2x1d10    100%        6
 Ozocubu's Refrigeration  Ice            0%         4d7       100%        7


Dungeon Overview and Level Annotations

Branches:
Dungeon (9/15)             Temple (1/1) D:5            Lair (0/5) D:8
    Orc: D:9-12

Altars:
Ashenzari
Cheibriados
Dithmenos
Elyvilon
Fedhas
Gozag
Hepliaklqana
Kikubaaqudgha
Makhleb
Nemelex Xobeh
Qazlal
Ru
Sif Muna
Trog
Uskayaw
Vehumet
Wu Jian
Xom
Yredelemnul
Zin
The Shining One

Annotations:
D:9 3 runed translucent doors, BinkBink's ghost, novice OpSh


Innate Abilities, Weirdness & Mutations

Your serpentine skin is tough. (AC +3)
You have supernaturally acute eyesight. (SInv)
Armour fits poorly on your strangely shaped body.
Your system is resistant to poisons. (rPois)
You cover ground very slowly.
You can spit poison.
You have a snake-like lower body.


Message History

You slash the yak! You slash the killer bee!
You kill the killer bee!
You slash the yak! x2; The yak gores you but does no damage.
The yak gores you. The yak barely misses you.
Unknown command.
You slash the yak!
The yak is almost dead.
You hit the yak.
You kill the yak!
You hit the yak. x2; The yak gores you but does no damage.
You block the yak's attack. The yak gores you but does no damage.
Unknown command.
You slash the yak!
The yak is heavily wounded.
You hit the yak but do no damage. You closely miss the yak. You slash the yak!
You block the yak's attack. The yak gores you!
* * * LOW HITPOINT WARNING * * *
The yak barely misses you. The yak gores you but does no damage.
The yak gores you.
* * * LOW HITPOINT WARNING * * *
The yak gores you but does no damage. The yak gores you!
* * * LOW HITPOINT WARNING * * *
The yak gores you!
* * * LOW HITPOINT WARNING * * *
You feel better. The yak gores you but does no damage.
You block the yak's attack. The yak gores you but does no damage.
The yak barely misses you.
Okay, then.
You hit the yak.
You kill the yak!
You hit the yak but do no damage. You slash the yak! You barely miss the yak.
The yak gores you!
* * * LOW HITPOINT WARNING * * *
The yak gores you but does no damage. The yak closely misses you.
Unknown command.
Okay, then.
You slash the yak!
You kill the yak!
You slash the yak! You closely miss the yak. The yak gores you!
You die...

$#........####
.............#
#.....P..###.# #
.###.......#.#.# #
........P....#.# #
....P...#....#.# #
..<....##.._.#.# #
...$....#....#.###### #
......Y@%....#......# #
......Y†...#.#......####
...(.......###..........
......##..........).####
...... ..#...#......# #
...... #...#.....####
....) ###.......# .....
######... #.#..


You could see 2 yaks.

Vanquished Creatures
  A troll (D:9)
  A wyvern (D:8)
  A basilisk (D:8)
  8 yaks
  3 steam dragons
  A water moccasin (D:7)
  2 ice beasts
  A sky beast (D:6)
  2 black bears
  2 orc warriors
  3 ogres
  A centaur (D:9)
  2 phantoms
  3 bullfrogs (D:8)
  A scorpion (D:4)
  6 killer bees
  5 howler monkeys
  A jelly (D:7)
  4 hounds
  3 iron imps (D:7)
  Jessica (D:2)
  Terence (D:3)
  3 sleepcaps
  3 orc wizards
  Natasha (thrice) (D:3)
  Robin (D:4)
  7 gnolls
  6 adders
  A shadow imp (D:3)
  A white imp (D:7)
  4 worms
  2 dart slugs
  19 orcs
  4 bats
  4 endoplasms
  2 giant cockroaches (D:2)
  12 goblins
  8 hobgoblins
  2 jackals (D:5)
  2 kobolds (D:3)
  4 quokkas
  3 ball pythons
  2 frilled lizards
  3 rats
149 creatures vanquished.

Notes
Turn   | Place    | Note
-------+----------+-------------------------------------------
     0 | D:1      | Revguard the Naga Fighter began the quest for the Orb.
     0 | D:1      | Reached XP level 1. HP: 21/21 MP: 1/1
   156 | D:1      | Reached XP level 2. HP: 26/28 MP: 2/2
   545 | D:2      | Reached XP level 3. HP: 34/34 MP: 3/3
   622 | D:2      | Noticed Jessica
   628 | D:2      | Killed Jessica
   629 | D:2      | Reached skill level 1 in Invocations
   629 | D:2      | Reached XP level 4. HP: 31/42 MP: 4/4
  1031 | D:3      | Reached skill level 1 in Evocations
  1130 | D:3      | Noticed Natasha
  1140 | D:3      | Killed Natasha
  1146 | D:3      | Reached XP level 5. HP: 12/50 MP: 5/5
  1156 | D:3      | Reached skill level 1 in Dodging
  1431 | D:3      | Noticed Natasha
  1442 | D:3      | Killed Natasha
  1501 | D:3      | Noticed Terence
  1504 | D:3      | Killed Terence
  1646 | D:3      | Found an opulent altar of Gozag.
  1844 | D:3      | Noticed Natasha
  1849 | D:3      | Killed Natasha
  1850 | D:3      | Reached XP level 6. HP: 57/57 MP: 7/7
  1870 | D:3      | Found a glowing golden altar of the Shining One.
  1967 | D:3      | Identified a scroll of acquirement
  1967 | D:3      | Acquired 1049 gold pieces
  2606 | D:4      | Noticed Robin
  2622 | D:4      | Killed Robin
  2841 | D:5      | Entered Level 5 of the Dungeon
  2988 | D:5      | Reached XP level 7. HP: 41/66 MP: 8/8
  3175 | D:5      | Found a staircase to the Ecumenical Temple.
  3215 | Temple   | Entered the Ecumenical Temple
  3790 | D:6      | Reached skill level 5 in Fighting
  3790 | D:6      | Reached XP level 8. HP: 64/74 MP: 10/10
  3867 | D:6      | Found Zin's Purification Station.
  3876 | D:6      | Found a glowing silver altar of Zin.
  3881 | D:6      | Bought a potion of curing for 90 gold pieces
  4030 | D:6      | Reached skill level 5 in Axes
  4418 | D:6      | Found an ornate altar of the Wu Jian Council.
  4642 | D:7      | Reached XP level 9. HP: 53/82 MP: 11/11
  5039 | D:7      | Found a burning altar of Makhleb.
  5249 | D:8      | Found a staircase to the Lair.
  5910 | D:9      | Noticed a troll
  5910 | D:9      | Found a runed translucent gate.
  5910 | D:9      | Found a runed translucent gate.
  5910 | D:9      | Found a runed translucent gate.
  5914 | D:9      | Noticed BinkBink's ghost (novice OpSh)
  5921 | D:9      | Noticed a kobold demonologist
  5930 | D:9      | Killed a troll
  5931 | D:9      | Reached skill level 5 in Shields
  5931 | D:9      | Reached XP level 10. HP: 21/86 MP: 13/13
  6253 | D:9      | Reached skill level 5 in Invocations
  6367 | D:9      | Found an ancient bone altar of Kikubaaqudgha.
  6396 | D:9      | HP: 3/94 [yak (8)]
  6399 | D:9      | Mangled by a yak

Illustrated notes

Levels and vault maps discovered:
D:1:      dpeg_arrival_tiny_a, layout_rooms
D:2:      layout_rooms, kennysheep_generic_room_14, uniq_jessica
D:3:      layout_loops_ring, grunt_gozag_breadcrumbs,
          nicolae_tso_swordbearing_angel, uniq_natasha, uniq_terence
D:4:      layout_loops_cross, uniq_robin
D:5:      layout_loops_ring, temple_pool_b
D:6:      layout_basic, lemuel_tele_altar, zin_purify
D:7:      layout_rooms, demons_altar
D:8:      layout_rooms, david_lair_generic, minmay_misc_feat_plants
D:9:      layout_rooms, kennysheep_okawaru_gauntlet, kiku_gazebo_garden_becter,
          gammafunk_ghost_nasty_kobolds, st_stairs_14, serial_bayou_crossing
Temple:   hellmonk_temple_two_chambers

Skill      XL: |  1  2  3  4  5  6  7  8  9 10 |
---------------+-------------------------------+-----
Invocations    | 1 2 3 4 5 |  5.2
Evocations     | 1 2 3 4 |  4.7
Shields        | 3 4 5 |  5.2
Dodging        | 1 2 3 |  3.8
Axes           | 3 4 5 6 7 |  7.3
Fighting       | 4 5 6 7 |  7.7
Armour         | 3 4 |  4.9

Action                     |  1- 3 |  4- 6 |  7- 9 | 10-12 || total
---------------------------+-------+-------+-------+-------++-------
  Melee: War axe           |    68 |   142 |   281 |    39 ||   530
Ability: Spit Poison       |     2 |     7 |     2 |       ||    11
  Evoke: Wand              |       |     6 |     1 |       ||     7
    Use: Scroll            |       |    14 |     4 |       ||    18
         Potion            |       |     3 |     4 |     1 ||     8
 Armour: Scale mail        |    54 |    74 |       |       ||   128
         Chain mail        |       |    70 |   467 |   107 ||   644
  Dodge: Dodged            |    39 |    37 |   104 |    32 ||   212
  Block: Buckler           |    17 |    34 |   103 |    23 ||   177

Table legend: (Time is in decaauts)
 A = Elapsed time spent in this place.
 B = Non-inter-level travel time spent in this place.
 C = Inter-level travel time spent in this place.
 D = Time resting spent in this place.
 E = Time spent auto-exploring this place.
 F = Levels seen in this place.
 G = Mean time per level.
                   A        B        C        D        E       F      G
               +--------+--------+--------+--------+--------+-----+--------+
         Total |   8427 |   8240 |    187 |    661 |   5728 |  10 |  842.7 |
       Dungeon |   8407 |   8220 |    187 |    661 |   5728 |   9 |  934.1 |
        Temple |     19 |     19 |      0 |      0 |      0 |   1 |   19.0 |
               +--------+--------+--------+--------+--------+-----+--------+

Top non-repeatable levels by time:
     D:3: 1276 daAuts
     D:5: 1230 daAuts
     D:8: 1195 daAuts
     D:4: 1162 daAuts
     D:6: 1143 daAuts
     D:7: 820 daAuts
     D:2: 711 daAuts
     D:1: 657 daAuts
     D:9: 210 daAuts
  Temple: 19 daAuts
